 Dungeon Crawl Stone Soup version 0.29-a0-340-g6efceafd81 (webtiles) character file.

Game seed: 1790364333125199338

45211 Zonian the Frost Mage (level 14, -7/108 HPs)
             Began as a Gnoll Ice Elementalist on Apr 20, 2022.
             Was an Elder of Dithmenos.
             Mangled by a large abomination (8 damage)
             ... on level 2 of the Abyss.
             The game lasted 01:17:41 (30289 turns).

Zonian the Frost Mage (Gnoll Ice Elementalist)     Turns: 30289, Time: 01:17:46

Health: -7/108     AC: 15    Str:  8    XL:     14   Next: 32%
Magic:  5/28       EV: 16    Int: 19    God:    Dithmenos [****..]
Gold:   1032       SH:  5    Dex: 13    Spells: 5/33 levels left

rFire   + . .      SeeInvis +   T - +1 demon whip (venom)
rCold   . . .      Faith    .   (no shield)
rNeg    . . .      Spirit   .   D - +0 robe {rF+}
rPois   .          Reflect  +   p - +2 helmet {SInv}
rElec   .          Harm     .   j - +0 cloak
rCorr   .          Rampage  .   x - +0 pair of gloves
Will    +....                   v - +1 pair of boots
Stlth   ++++++....              M - amulet of reflection
HPRegen 0.28/turn               G - +4 ring of protection
MPRegen 0.21/turn               K - ring of wizardry

@: wreathed by umbra
A: fangs 1, strong nose, distributed training
a: Renounce Religion, Shadow Step


You were on level 2 of the Abyss.
You worshipped Dithmenos.
Dithmenos was greatly pleased with you.
You visited 3 branches of the dungeon, and saw 15 of its levels.
You visited the Abyss 1 time.
You also visited: Ossuary.

You collected 1032 gold pieces.

Inventory:

Hand Weapons
 e - a +0 whip
 g - a +0 dagger
 n - a +4 whip
 r - a +0 hunting sling
 s - a +0 short sword
 t - a +3 whip of electrocution
 u - a +0 long sword
 w - a +2 short sword of venom
 z - a +1 hand crossbow of flaming
 B - a +2 quarterstaff of speed
 F - a +0 war axe
 T - a +1 demon whip of venom (weapon)
 U - a +2 longbow of flaming
Missiles
 y - 5 throwing nets
Armour
 a - a +0 robe
 j - a +0 cloak (worn)
 p - a +2 helmet of see invisible (worn)
 v - a +1 pair of boots (worn)
 x - a +0 pair of gloves (worn)
 D - a +0 robe of fire resistance (worn)
 S - the +3 scale mail "Tirghucza" {*Slow rPois rCorr Dex+5}
   (You found it on level 3 of the Lair of Beasts)

   Dex:       It affects your dexterity (+5).
   rPois:     It protects you from poison.
   rCorr:     It protects you from acid and corrosion.
   *Slow:     It may slow you when you take damage.
Jewellery
 h - a ring of poison resistance
 l - an amulet of the acrobat
 C - a +6 ring of strength
 E - a ring of see invisible
 G - a +4 ring of protection (left hand)
 K - a ring of wizardry (right hand)
 M - an amulet of reflection (around neck)
 Q - a +6 ring of strength
 Y - a +4 ring of evasion
Wands
 R - a wand of flame (27)
 V - a wand of iceblast (3)
 X - a wand of mindburst (8)
Scrolls
 d - 2 scrolls of blinking
 A - 3 scrolls of enchant armour
 H - 2 scrolls of identify
 I - 6 scrolls of teleportation
 J - 2 scrolls of fear
 P - a scroll of immolation
 W - a scroll of magic mapping
Potions
 b - 3 potions of magic
 c - 2 potions of lignification
 f - a potion of ambrosia
 i - 3 potions of cancellation
 k - 2 potions of heal wounds
 m - 7 potions of curing
 o - 6 potions of mutation
 q - 6 potions of brilliance
 L - 2 potions of flight
 N - 2 potions of invisibility
 O - a potion of berserk rage


   Skills:
 + Level 9.1 Fighting
 + Level 9.1 Short Blades
 + Level 9.1 Long Blades
 + Level 9.1 Axes
 + Level 9.1 Maces & Flails
 + Level 9.1 Polearms
 + Level 9.1 Staves
 + Level 9.1 Slings
 + Level 9.1 Bows
 + Level 9.1 Crossbows
 + Level 9.1 Throwing
 + Level 9.1 Armour
 + Level 10.2 Dodging
 + Level 10.1 Stealth
 + Level 9.1 Shields
 + Level 9.1 Unarmed Combat
 + Level 10.4 Spellcasting
 + Level 7.6 Conjurations
 + Level 7.6 Hexes
 + Level 7.6 Summonings
 + Level 7.6 Necromancy
 + Level 7.6 Translocations
 + Level 7.6 Transmutations
 + Level 7.6 Fire Magic
 + Level 10.4 Ice Magic
 + Level 7.6 Air Magic
 + Level 7.6 Earth Magic
 + Level 7.6 Poison Magic
 + Level 10.0 Invocations
 + Level 9.1 Evocations


You had 5 spell levels left.
You knew the following spells:

 Your Spells              Type           Power      Damage    Failure   Level
a - Freeze                Ice            100%       1d11      1%          1
b - Frozen Ramparts       Ice            98%        1d11      1%          3
c - Ozocubu's Armour      Ice            49%        N/A       1%          3
d - Hailstorm             Conj/Ice       44%        3d10      1%          4
e - Iskenderun's Mystic   Conj/Tloc      38%        2d9       1%          4
f - Fulminant Prism       Conj/Hex       19%        3d11      1%          4
g - Dispel Undead         Necr           38%        3d16      1%          4
h - Lee's Rapid Deconstr  Erth           19%        3d12*     3%          5

Your spell library contained the following spells:

 Spells                   Type           Power      Damage    Failure   Level
 Slow                     Hex            100%       N/A       1%          1
 Corpse Rot               Necr/Air       76%        N/A       1%          2
 Confusing Touch          Hex            38%        N/A       1%          3
 Conjure Flame            Conj/Fire      38%        6-21      1%          3
 Ignite Poison            Fire/Tmut/Pois 38%        N/A       1%          3
 Inner Flame              Hex/Fire       38%        N/A       1%          3
 Vampiric Draining        Necr           38%        2d8       1%          3
 Animate Armour           Summ/Erth      76%        N/A       1%          4
 Cause Fear               Hex            19%        N/A       1%          4
 Sticky Flame             Conj/Fire      38%        2d6       1%          4
 Blade Hands              Tmut           19%        N/A       3%          5
 Death Channel            Necr           19%        N/A       19%         6
 Iron Shot                Conj/Erth      19%        9d4       19%         6
 Discord                  Hex            19%        N/A       100%        8


Dungeon Overview and Level Annotations

Branches:
Dungeon (8/15)             Temple (1/1) D:7            Lair (6/6) D:8
  Swamp (0/4) Lair:3        Snake (0/4) Lair:3        Slime (0/5) Lair:6
Ossuary (visited)

Altars:
Cheibriados
Dithmenos
Elyvilon
Fedhas
Gozag
Hepliaklqana
Kikubaaqudgha
Nemelex Xobeh
Okawaru
Qazlal
Ru
Sif Muna
Trog
Uskayaw
Vehumet
Wu Jian
Xom
Yredelemnul
Zin
The Shining One
Jiyva

Shops:
D:4 (   D:6 =

Annotations:
D:2 Natasha
Lair:5 1 runed translucent door, exclusion: ice statue, sirJeffrey23's ghost, journeyman DsMo


Innate Abilities, Weirdness & Mutations

You have very sharp teeth.
Your uncanny sense of smell can sniff out nearby items.
Your experience applies equally to all skills.


Message History

The large abomination misses you.
You hit the large abomination but do no damage.
The large abomination is lightly damaged.
The large abomination barely misses you.
You hit the large abomination but do no damage.
You punch the large abomination, but do no damage.
The large abomination is lightly damaged.
You barely miss the large abomination. You punch the large abomination.
The large abomination is moderately damaged.
Your shadow hits the large abomination but does no damage.
The large abomination barely misses you.
You hit the large abomination but do no damage.
You bite the large abomination, but do no damage.
The large abomination is moderately damaged.
The large abomination closely misses you.
You whack the large abomination!
The large abomination is moderately damaged.
The large abomination hits you.
You hit the large abomination but do no damage.
Your punch misses the large abomination.
Your bite misses the large abomination.
The large abomination is moderately damaged.
The large abomination hits you!!
* * * LOW HITPOINT WARNING * * *
You hit the large abomination.
You bite the large abomination, but do no damage.
The large abomination is heavily damaged.
The large abomination hits you!
* * * LOW HITPOINT WARNING * * *
You hit the large abomination but do no damage.
The large abomination is heavily damaged.
Casting: Hailstorm (mildly dangerous; 1% risk of failure)
Confirm with . or Enter, or press ? or * to list all spells.
Aiming: Dispel Undead (mildly dangerous; 1% risk of failure)
Press: ? - help, Shift-Dir - straight line, f - large abomination
Aim: a large abomination (heavily damaged, umbra, 100% to hit)
The large abomination is dispelled!
The large abomination hits you!
* * * LOW HITPOINT WARNING * * *
The large abomination hits you!
You die...

#.. .### #.
## #.#.##
... ...#
..# ###.#..
# .)...# .
##.# .# ..
#@#.....###
##X## ## .
#..# #...#
....# .#.#.
## .... .#
.# . #


You could see a large abomination.

Vanquished Creatures
  3 tentacled starspawn (Abyss:2)
  Nessos (Lair:4)
  A dire elephant (Lair:6)
  A boulder beetle (Lair:5)
  6 hydras
  A two-headed ogre (D:8)
  8 death yaks (Lair:6)
  Amaemon (Lair:3)
  A lindwurm (Lair:6)
  A deep elf pyromancer (D:8)
  A deep elf zephyrmancer (Abyss:2)
  2 wolf spiders (Lair:2)
  A worldbinder (Abyss:2)
  6 elephants
  4 black mambas
  An orange demon (Lair:3)
  13 komodo dragons
  15 cane toads
  5 ancient zymes (Abyss:2)
  7 rime drakes
  5 polar bears
  10 blink frogs
  Grinder (D:5)
  Prince Ribbit (D:6)
  4 dream sheep (Lair:5)
  5 wyverns
  33 yaks
  2 basilisks
  3 nagas (Lair:3)
  15 water moccasins
  An orc warrior (D:7)
  A large abomination (Abyss:2)
  Duvessa (D:5)
  4 ice beasts
  2 sky beasts
  An ogre (D:4)
  A small abomination (Abyss:2)
  3 black bears
  A centaur (D:5)
  27 wolves
  2 phantoms
  Blork the orc (D:5)
  A kobold brigand (D:8)
  A gnoll sergeant (D:7)
  13 scorpions
  16 bullfrogs
  A necrophage (D:5)
  Dowan (D:5)
  9 killer bees
  A howler monkey (D:8)
  4 electric eels
  2 centaur zombies (Ossuary)
  3 jellies
  5 human zombies (Ossuary)
  A gnoll shaman (Lair:3)
  5 hounds
  2 orc priests
  3 iguanas
  An iron imp (Abyss:2)
  2 scorpion zombies (Ossuary)
  Natasha (twice) (D:2)
  6 orc wizards
  3 mummies (Ossuary)
  15 gnolls
  6 adders
  A shadow imp (Abyss:2)
  4 white imps
  An ufetubus (D:5)
  5 worms
  A dart slug (D:4)
  41 orcs
  9 ball pythons
  3 bats
  5 endoplasms
  5 giant cockroaches
  33 goblins
  36 hobgoblins
  7 jackals
  14 kobolds
  3 quokkas
  3 frilled lizards
  A gnoll zombie (Ossuary)
  4 goblin zombies (Ossuary)
  A hobgoblin zombie (Ossuary)
  A kobold zombie (Ossuary)
  2 orc zombies (Ossuary)
  6 rats
  2 starspawn tentacles (Abyss:2)
494 creatures vanquished.

Vanquished Creatures (others)
  A wretched star (Abyss:2)
  A neqoxec (Abyss:2)
  2 large abominations (Abyss:2)
  A wight (Abyss:2)
  An ufetubus (Abyss:2)
  4 fulminant prisms
  68 fungi
  76 plants
  9 starspawn tentacles (Abyss:2)
163 creatures vanquished.

Grand Total: 657 creatures vanquished

Notes
Turn   | Place    | Note
-------+----------+-------------------------------------------
     0 | D:1      | Zonian the Gnoll Ice Elementalist began the quest for the
                  | Orb.
     0 | D:1      | Reached XP level 1. HP: 13/13 MP: 6/6
   358 | D:1      | Reached XP level 2. HP: 12/19 MP: 7/7
   928 | D:1      | Reached XP level 3. HP: 25/25 MP: 2/9
  1063 | D:1      | Learned a level 3 spell: Frozen Ramparts
  1067 | D:1      | Learned a level 3 spell: Ozocubu's Armour
  1145 | D:1      | Reached skill level 5 in Spellcasting
  1556 | D:2      | Reached skill level 1 in Invocations
  2183 | D:2      | Noticed Natasha
  2195 | D:2      | Killed Natasha
  2196 | D:2      | Reached skill level 1 in Fighting
  2196 | D:2      | Reached skill level 1 in Short Blades
  2196 | D:2      | Reached skill level 1 in Long Blades
  2196 | D:2      | Reached skill level 1 in Axes
  2196 | D:2      | Reached skill level 1 in Maces & Flails
  2196 | D:2      | Reached skill level 1 in Polearms
  2196 | D:2      | Reached skill level 1 in Staves
  2196 | D:2      | Reached skill level 1 in Slings
  2196 | D:2      | Reached skill level 1 in Bows
  2196 | D:2      | Reached skill level 1 in Crossbows
  2196 | D:2      | Reached skill level 1 in Throwing
  2196 | D:2      | Reached skill level 1 in Armour
  2196 | D:2      | Reached skill level 1 in Shields
  2196 | D:2      | Reached skill level 1 in Unarmed Combat
  2196 | D:2      | Reached skill level 1 in Evocations
  2196 | D:2      | Reached XP level 4. HP: 32/32 MP: 4/11
  2595 | D:2      | Reached skill level 1 in Conjurations
  2595 | D:2      | Reached skill level 1 in Hexes
  2595 | D:2      | Reached skill level 1 in Summonings
  2595 | D:2      | Reached skill level 1 in Necromancy
  2595 | D:2      | Reached skill level 1 in Translocations
  2595 | D:2      | Reached skill level 1 in Transmutations
  2595 | D:2      | Reached skill level 1 in Fire Magic
  2595 | D:2      | Reached skill level 1 in Air Magic
  2595 | D:2      | Reached skill level 1 in Earth Magic
  2595 | D:2      | Reached skill level 1 in Poison Magic
  2670 | D:2      | Noticed Natasha
  2676 | D:2      | Killed Natasha
  2909 | D:2      | Noticed Natasha
  2987 | D:3      | Reached XP level 5. HP: 34/37 MP: 9/12
  3126 | D:3      | Found a faded altar of an unknown god.
  4046 | D:3      | Reached XP level 6. HP: 39/44 MP: 11/13
  4327 | D:4      | Found Juzxait's Weapon Emporium.
  4359 | D:4      | Found an ancient bone altar of Kikubaaqudgha.
  4445 | D:4      | Reached skill level 5 in Dodging
  4844 | D:4      | Noticed a black bear
  4853 | D:4      | Killed a black bear
  4854 | D:4      | Reached XP level 7. HP: 51/51 MP: 8/15
  5577 | D:4      | Learned a level 4 spell: Hailstorm
  6002 | D:4      | Reached skill level 5 in Stealth
  6438 | D:4      | Found an iron altar of Okawaru.
  6443 | D:4      | Found a sacrificial altar of Ru.
  6635 | D:5      | Entered Level 5 of the Dungeon
  6653 | D:5      | Noticed Duvessa
  6653 | D:5      | Noticed Dowan
  6942 | D:5      | Reached XP level 8. HP: 57/57 MP: 16/16
  7284 | D:5      | Noticed Grinder
  7289 | D:5      | Paralysed by Grinder for 3 turns
  7318 | D:5      | Killed Grinder
  8324 | D:5      | Killed Duvessa
  8329 | D:5      | Killed Dowan
  8386 | D:5      | Reached XP level 9. HP: 64/65 MP: 14/18
  8441 | D:5      | Noticed Blork the orc
  8456 | D:5      | Killed Blork the orc
  8552 | D:6      | Found Zadakh's Jewellery Shoppe.
  9578 | D:6      | Noticed Prince Ribbit
  9587 | D:6      | Killed Prince Ribbit
  9862 | D:7      | Found a staircase to the Ecumenical Temple.
  9871 | Temple   | Entered the Ecumenical Temple
 10058 | Temple   | Became a worshipper of Dithmenos the Shadowed
 10321 | D:7      | Noticed a komodo dragon
 10336 | D:7      | Killed a komodo dragon
 10343 | D:7      | Reached skill level 5 in Invocations
 10950 | D:7      | Found an ornate altar of the Wu Jian Council.
 11305 | D:7      | Found an opulent altar of Gozag.
 11486 | D:8      | Found a basalt altar of Yredelemnul.
 11501 | D:8      | Found a sand-covered staircase.
 11507 | Ossuary  | Entered an ossuary
 11531 | Ossuary  | Reached XP level 10. HP: 69/73 MP: 20/20
 11942 | Ossuary  | Reached skill level 5 in Fighting
 11942 | Ossuary  | Reached skill level 5 in Short Blades
 11942 | Ossuary  | Reached skill level 5 in Long Blades
 11942 | Ossuary  | Reached skill level 5 in Axes
 11942 | Ossuary  | Reached skill level 5 in Maces & Flails
 11942 | Ossuary  | Reached skill level 5 in Polearms
 11942 | Ossuary  | Reached skill level 5 in Staves
 11942 | Ossuary  | Reached skill level 5 in Slings
 11942 | Ossuary  | Reached skill level 5 in Bows
 11942 | Ossuary  | Reached skill level 5 in Crossbows
 11942 | Ossuary  | Reached skill level 5 in Throwing
 11942 | Ossuary  | Reached skill level 5 in Armour
 11942 | Ossuary  | Reached skill level 5 in Shields
 11942 | Ossuary  | Reached skill level 5 in Unarmed Combat
 11942 | Ossuary  | Reached skill level 5 in Evocations
 12069 | Ossuary  | Reached * piety under Dithmenos
 12350 | D:8      | Noticed a two-headed ogre
 12364 | D:8      | Killed a two-headed ogre
 12628 | D:8      | Found a staircase to the Lair.
 12658 | D:8      | Noticed a deep elf pyromancer
 12675 | D:8      | Killed a deep elf pyromancer
 13097 | D:8      | Found a snail-covered altar of Cheibriados.
 13685 | Lair:1   | Entered Level 1 of the Lair of Beasts
 13737 | Lair:1   | Noticed a five-headed hydra
 14189 | Lair:1   | Noticed a cane toad
 14250 | Lair:1   | Killed a cane toad
 14251 | Lair:1   | Reached XP level 11. HP: 81/81 MP: 18/22
 14527 | Lair:1   | Reached skill level 5 in Conjurations
 14527 | Lair:1   | Reached skill level 5 in Hexes
 14527 | Lair:1   | Reached skill level 5 in Summonings
 14527 | Lair:1   | Reached skill level 5 in Necromancy
 14527 | Lair:1   | Reached skill level 5 in Translocations
 14527 | Lair:1   | Reached skill level 5 in Transmutations
 14527 | Lair:1   | Reached skill level 5 in Fire Magic
 14527 | Lair:1   | Reached skill level 5 in Air Magic
 14527 | Lair:1   | Reached skill level 5 in Earth Magic
 14527 | Lair:1   | Reached skill level 5 in Poison Magic
 14663 | Lair:1   | Reached ** piety under Dithmenos
 14961 | Lair:1   | Killed a five-headed hydra
 16952 | Lair:2   | Learned a level 4 spell: Iskenderun's Mystic Blast
 16957 | Lair:2   | Learned a level 4 spell: Fulminant Prism
 17020 | Lair:2   | Noticed a wolf spider
 17043 | Lair:2   | Noticed a wolf spider
 17056 | Lair:2   | Killed a wolf spider
 17059 | Lair:2   | Killed a wolf spider
 17702 | Lair:2   | Reached XP level 12. HP: 89/89 MP: 18/24
 18126 | Lair:3   | Identified the +3 scale mail "Tirghucza" {*Slow rPois rCorr
                  | Dex+5}
 18261 | Lair:3   | Reached *** piety under Dithmenos
 18550 | Lair:3   | Noticed Amaemon
 18566 | Lair:3   | Killed Amaemon
 19465 | Lair:3   | Noticed a six-headed hydra
 19481 | Lair:3   | Killed a six-headed hydra
 19852 | Lair:3   | Found a staircase to the Swamp.
 20321 | Lair:3   | Found a staircase to the Snake Pit.
 21896 | Lair:4   | Noticed Nessos
 21919 | Lair:4   | Killed Nessos
 22547 | Lair:5   | Noticed a seven-headed hydra
 22668 | Lair:5   | Reached XP level 13. HP: 49/98 MP: 20/26
 23363 | Lair:5   | Found a runed translucent door.
 23363 | Lair:5   | Found a shimmering altar of Xom.
 23363 | Lair:5   | Noticed sirJeffrey23's ghost (journeyman DsMo)
 23381 | Lair:5   | Learned a level 4 spell: Dispel Undead
 23496 | Lair:5   | Reached **** piety under Dithmenos
 25117 | Lair:5   | Learned a level 5 spell: Lee's Rapid Deconstruction
 25132 | Lair:6   | Entered Level 6 of the Lair of Beasts
 25142 | Lair:5   | Reached skill level 10 in Ice Magic
 25857 | Lair:6   | Found a staircase to the Slime Pits.
 25866 | Lair:6   | Found a viscous altar of Jiyva.
 26366 | Lair:5   | Reached skill level 10 in Spellcasting
 27528 | Lair:6   | Reached skill level 10 in Dodging
 27528 | Lair:6   | Reached XP level 14. HP: 101/106 MP: 28/28
 27568 | Lair:6   | Noticed a dire elephant
 28450 | Lair:6   | Reached skill level 10 in Stealth
 28816 | Lair:6   | Killed a dire elephant
 29290 | Lair:6   | Reached skill level 10 in Invocations
 29567 | Lair:6   | Cast into level 2 of the Abyss (a wizard)
 29669 | Abyss:2  | Noticed a tentacled starspawn
 29701 | Abyss:2  | Noticed a starcursed mass
 29751 | Abyss:2  | Noticed a bone dragon
 29866 | Abyss:2  | Noticed a tentacled starspawn
 29872 | Abyss:2  | Killed a tentacled starspawn
 30065 | Abyss:2  | Noticed a tentacled starspawn
 30116 | Abyss:2  | Noticed a tentacled starspawn
 30122 | Abyss:2  | Killed a tentacled starspawn
 30266 | Abyss:2  | Killed a tentacled starspawn
 30289 | Abyss:2  | HP: 1/108 [large abomination (17)]
 30289 | Abyss:2  | Mangled by a large abomination

Illustrated notes

Levels and vault maps discovered:
D:1:      psy_arrival_spokes, layout_rooms
D:2:      layout_basic, chequers_serial_rivers_micro_c, grunt_decor_one_mirror,
          hangedman_decor_diamond_cutter, uniq_natasha
D:3:      layout_loops_ring, hellmonk_ecumenical_altar_heavens_door,
          minivault_19, kennysheep_small_spiral, minmay_vboxes
D:4:      minmay_goblin_kobold_castle, layout_loops_ring,
          nicolae_overflow_hidden_temple, mainiacjoe_overflow_24_doors,
          serial_shops, nicolae_shop_bloodbath_and_beyond, minmay_ruptured
D:5:      minmay_octagon_keep, layout_rooms, minivault_4, uniq_grinder,
          uniq_blork_the_orc, uniq_duvessa
D:6:      layout_basic, nicolae_stop_n_shop_1, uniq_prince_ribbit1
D:7:      layout_layer_cave, mainiacjoe_overflow_alcove_4,
          kennysheep_little_box, minmay_temple_entry_sparse_star
D:8:      layout_loops_ring, amcnicky_altar_gilded, kennysheep_mini,
          dpeg_oklobed_lair, nicolae_ossuary_entry_plus
Temple:   dshaligram_water_room_temple
Lair:1:   layout_big_grid, serial_bayou_shore_b
Lair:2:   layout_cellular_growth, nicolae_lair_run_with_the_wolves
Lair:3:   layout_long_grid, minmay_swamp_entry_eels,
          guppyfry_snake_entry_island, dreamdust_gnoll_shepherd, uniq_amaemon
Lair:4:   layout_misc_corridors, uniq_nessos
Lair:5:   layout_hall_layers, ebering_ghost_xom, ice2_lemuel,
          serial_bayou_shore_a
Lair:6:   evil_forest, layout_layer_cave, slime_altar_1
Abyss:2:  base: Lair:1, serial_sigils_hangedman_quiver, evilmike_abyss_exit_15,
          serial_sigils_hangedman_quiver, hangedman_decor_peaks_small,
          hangedman_abyss_or_decor_stabs, lemuel_flamethrower_2,
          hangedman_abyss_theft, base:
Lair:1

Skill      XL: |  1  2  3  4  5  6  7  8  9 10 11 12 13 14 |
---------------+-------------------------------------------+-----
Spellcasting   | 5 6 7 8 9 10 | 10.4
Invocations    | 1 2 3 4 5 6 7 8 9 10 | 10.0
Fighting       | 1 2 3 4 5 6 7 8 9 |  9.1
Short Blades   | 1 2 3 4 5 6 7 8 9 |  9.1
Long Blades    | 1 2 3 4 5 6 7 8 9 |  9.1
Axes           | 1 2 3 4 5 6 7 8 9 |  9.1
Maces & Flails | 1 2 3 4 5 6 7 8 9 |  9.1
Polearms       | 1 2 3 4 5 6 7 8 9 |  9.1
Staves         | 1 2 3 4 5 6 7 8 9 |  9.1
Slings         | 1 2 3 4 5 6 7 8 9 |  9.1
Bows           | 1 2 3 4 5 6 7 8 9 |  9.1
Crossbows      | 1 2 3 4 5 6 7 8 9 |  9.1
Throwing       | 1 2 3 4 5 6 7 8 9 |  9.1
Armour         | 1 2 3 4 5 6 7 8 9 |  9.1
Shields        | 1 2 3 4 5 6 7 8 9 |  9.1
Unarmed Combat | 1 2 3 4 5 6 7 8 9 |  9.1
Evocations     | 1 2 3 4 5 6 7 8 9 |  9.1
Conjurations   | 1 2 3 4 5 6 7 |  7.6
Hexes          | 1 2 3 4 5 6 7 |  7.6
Summonings     | 1 2 3 4 5 6 7 |  7.6
Necromancy     | 1 2 3 4 5 6 7 |  7.6
Translocations | 1 2 3 4 5 6 7 |  7.6
Transmutations | 1 2 3 4 5 6 7 |  7.6
Fire Magic     | 1 2 3 4 5 6 7 |  7.6
Air Magic      | 1 2 3 4 5 6 7 |  7.6
Earth Magic    | 1 2 3 4 5 6 7 |  7.6
Poison Magic   | 1 2 3 4 5 6 7 |  7.6
Dodging        | 5 6 7 8 9 10 | 10.2
Stealth        | 5 6 7 8 9 10 | 10.1
Ice Magic      | 8 9 10 | 10.4

Action                   |  1- 3 |  4- 6 |  7- 9 | 10-12 | 13-15 || total
-------------------------+-------+-------+-------+-------+-------++-------
Melee: Whip              |    39 |    18 |   103 |   250 |   188 ||   598
       Club              |     4 |       |       |       |       ||     4
       Bite              |     5 |     9 |    28 |    72 |    88 ||   202
       Punch             |     2 |     1 |     5 |    31 |    61 ||   100
       Short sword       |       |    62 |   156 |   204 |       ||   422
       Demon whip        |       |       |       |    88 |   385 ||   473
 Fire: Hunting sling     |       |       |    58 |       |       ||    58
       Hand crossbow     |       |       |    88 |    65 |    34 ||   187
Throw: Throwing net      |       |       |       |     2 |       ||     2
 Cast: Freeze            |    52 |    45 |     1 |    37 |    13 ||   148
       Frozen Ramparts   |       |     1 |    21 |    33 |    28 ||    83
       Ozocubu's Armour  |       |       |     3 |     6 |    10 ||    19
       Hailstorm         |       |       |       |    12 |    25 ||    37
       Fulminant Prism   |       |       |       |     1 |     3 ||     4
       Iskenderun's Myst |       |       |       |       |    14 ||    14
       Lee's Rapid Decon |       |       |       |       |     1 ||     1
       Dispel Undead     |       |       |       |       |     1 ||     1
Evoke: Wand              |       |       |       |     8 |    14 ||    22
  Use: Scroll            |       |    11 |    11 |     4 |     1 ||    27
       Potion            |       |       |       |     2 |     2 ||     4
 Stab: Sleeping          |     4 |     5 |     4 |    11 |     3 ||    27
       Distracted        |       |       |     1 |     1 |     5 ||     7
Armor: Robe              |    10 |    26 |    94 |   167 |   195 ||   492
       Skin              |       |       |       |    46 |       ||    46
Dodge: Dodged            |    51 |    90 |   235 |   421 |   413 ||  1210
Block: Other             |       |       |       |   118 |    98 ||   216

Table legend: (Time is in decaauts)
 A = Elapsed time spent in this place.
 B = Non-inter-level travel time spent in this place.
 C = Inter-level travel time spent in this place.
 D = Time resting spent in this place.
 E = Time spent auto-exploring this place.
 F = Levels seen in this place.
 G = Mean time per level.
                   A        B        C        D        E       F      G
               +--------+--------+--------+--------+--------+-----+--------+
         Total |  30045 |  29536 |    509 |  14139 |   8946 |  17 | 1767.4 |
       Dungeon |  12724 |  12439 |    285 |   3823 |   5905 |   8 | 1590.5 |
        Temple |    203 |    187 |     16 |      0 |     60 |   1 |  203.0 |
          Lair |  15650 |  15442 |    208 |   9702 |   2862 |   6 | 2608.3 |
         Abyss |    686 |    686 |      0 |    298 |      0 |   1 |  686.0 |
       Ossuary |    781 |    781 |      0 |    315 |    119 |   1 |  781.0 |
               +--------+--------+--------+--------+--------+-----+--------+

Top non-repeatable levels by time:
  Lair:5: 3307 daAuts
  Lair:3: 2992 daAuts
  Lair:6: 2970 daAuts
     D:4: 2652 daAuts
  Lair:1: 2473 daAuts
  Lair:4: 2252 daAuts
     D:5: 2105 daAuts
  Lair:2: 1654 daAuts
     D:2: 1624 daAuts
     D:8: 1416 daAuts
     D:7: 1415 daAuts
     D:1: 1355 daAuts
     D:3: 1327 daAuts
     D:6: 826 daAuts
 Ossuary: 781 daAuts
